 Dungeon Crawl Stone Soup version 0.28.0-53-g5a82cb258f (webtiles) character file.

Game seed: 8838988398542763686

10 Martska the Skirmisher (level 2, -1/24 HPs)
             Began as a Demonspawn Fighter on June 24, 2022.
             Slain by a ball python (2 damage)
             ... on level 1 of the Dungeon.
             The game lasted 00:00:40 (198 turns).

Martska the Skirmisher (Demonspawn Fighter)          Turns: 198, Time: 00:00:42

Health: -1/24      AC:  6    Str: 16    XL:     2   Next: 10%
Magic:  2/2        EV:  6    Int:  9    God:
Gold:   0          SH:  4    Dex: 12    Spells: 1/1 levels left

rFire   . . .      SeeInvis .   a - +0 rapier
rCold   . . .      Faith    .   c - +0 buckler
rNeg    . . .      Spirit   .   b - +0 scale mail
rPois   .          Reflect  .   (no helmet)
rElec   .          Harm     .   (no cloak)
rCorr   .          Rampage  .   (no gloves)
Will    .....                   (no boots)
Stlth   ..........              (no amulet)
HPRegen 0.08/turn               (no ring)
MPRegen 0.08/turn               (no ring)

@: constricted
A: demonic guardian 1
a: no special abilities


You were on level 1 of the Dungeon.
You visited 1 branch of the dungeon, and saw 1 of its levels.

Inventory:

Hand Weapons
 a - a +0 rapier (weapon)
Armour
 b - a +0 scale mail (worn)
 c - a +0 buckler (worn)
Potions
 d - a potion of might


   Skills:
 * Level 3.2 Fighting
 - Level 1.7 Short Blades
 - Level 2.6 Armour
 * Level 0.7 Dodging
 * Level 0.9 Stealth
 - Level 2.6 Shields


You had one spell level left.
You didn't know any spells.
Your spell library was empty.

Dungeon Overview and Level Annotations

Branches:
Dungeon (1/15)

Altars:


Innate Abilities, Weirdness & Mutations

A weak demonic guardian rushes to your aid.


Message History

The jackal bites you but does no damage.
You hit the ball python.
The ball python is heavily wounded.
The jackal bites you.
* * * LOW HITPOINT WARNING * * *
The jackal bites you but does no damage.
The kobold closely misses you. The ball python bites you.
* * * LOW HITPOINT WARNING * * *
A demonic guardian appears!
The ball python constricts you.
* * * LOW HITPOINT WARNING * * *
The jackal bites you but does no damage. x2
You block the jackal's attack. The kobold hits you but does no damage.
Unknown command.
You hit the ball python.
You kill the ball python!
The jackal misses you. You block the jackal's attack.
The jackal closely misses you.
Your quasit barely misses the jackal.
Your quasit closely misses the jackal.
Your quasit claws the jackal.
The jackal barely misses you. The kobold barely misses you.
You hit the ball python.
The ball python is severely wounded.
The jackal bites you but does no damage.
The jackal barely misses you. The ball python closely misses you.
The ball python grabs you. The ball python constricts you.
* * * LOW HITPOINT WARNING * * *
Your quasit barely misses the jackal.
Your quasit claws the jackal.
Your quasit claws the jackal but does no damage.
The jackal bites you but does no damage.
You block the jackal's attack. The jackal closely misses you.
The kobold hits you but does no damage. The ball python bites you.
* * * LOW HITPOINT WARNING * * *
The ball python constricts you.
You closely miss the ball python.
The ball python is severely wounded.
The jackal bites you but does no damage.
Your quasit bites the jackal.
Your quasit claws the jackal but does no damage. x2
The jackal bites you but does no damage.
The jackal barely misses your quasit. The ball python bites you.
You die...

..... ....# #
....#..
########.......
#..............
#......hh......
#.....hSK......
##.....h@h#
#......5..#
#.........#
#.........# #
#.#.....###
#########.#.#####
.#..........#
§#..........#
☼#.........######


You could see 5 jackals, a ball python, a kobold and a friendly quasit
(summoned).

Vanquished Creatures
  A dart slug (D:1)
  A ball python (D:1)
  2 endoplasms (D:1)
  A jackal (D:1)
  A quokka (D:1)
  A bat (D:1)
7 creatures vanquished.

Notes
Turn   | Place    | Note
-------+----------+-------------------------------------------
     0 | D:1      | Martska the Demonspawn Fighter began the quest for the Orb.
     0 | D:1      | Reached XP level 1. HP: 18/18 MP: 1/1
   194 | D:1      | Gained mutation: A weak demonic guardian rushes to your
                  | aid. [demonic ancestry]
   194 | D:1      | Reached XP level 2. HP: 11/24 MP: 2/2
   197 | D:1      | HP: 1/24 [ball python (1)]
   198 | D:1      | Slain by a ball python

Illustrated notes

Levels and vault maps discovered:
D:1:      heliophobic_arrival_enchanted_forest, layout_basic

Action                   || total
-------------------------++-------
Melee: Rapier            ||    18
Armor: Scale mail        ||    32
Dodge: Dodged            ||    21
Block: Buckler           ||    11
